 Dungeon Crawl Stone Soup version 0.30-a0-141-g30f27751c5 (webtiles) character file.

Game seed: 3991103663549036433

20493 Sobieck the Severer (level 12, -2/93 HPs)
             Began as a Vine Stalker Gladiator on Sept 25, 2022.
             Was an Elder of Hepliaklqana.
             Slain by a nine-headed hydra (11 damage)
             ... on level 1 of the Lair of Beasts.
             The game lasted 00:24:50 (10103 turns).

Sobieck the Severer (Vine Stalker Gladiator)       Turns: 10103, Time: 00:24:51

Health: -2/93      AC: 13    Str: 23    XL:     12   Next: 80%
Magic:  0/16       EV: 12    Int: 12    God:    Hepliaklqana [****..]
Gold:   669        SH:  0    Dex: 23    Spells: 15/15 levels left

rFire   . . .      SeeInvis .    a - +5 war axe of Petunkes {venom, rC+ Int-2 Dex+4 Stlth+, axe}
rCold   + . .      Faith    .    (no shield)
rNeg    . . .      Spirit   +    D - +4 ring mail of Lefamnom {rPois Str+4}
rPois   +          Reflect  .    c - +0 helmet
rElec   .          Harm     .    s - +0 cloak
rCorr   .          Rampage  .    k - +1 pair of gloves
Will    +....                    (no boots)
Stlth   ..........               j - amulet of magic regeneration {@e2}
HPRegen 1.05/turn                y - +6 ring of intelligence
MPRegen 0.55/turn                (no ring)

@: berserking, very quick
A: reduced essence, fangs 3, regeneration 1, magic shield, antimagic bite, no
potion heal 2
a: Renounce Religion, Recall Ancestor, Ancestor Identity, Transference, Idealise


You were on level 1 of the Lair of Beasts.
You worshipped Hepliaklqana.
Hepliaklqana was greatly pleased with you.
You visited 3 branches of the dungeon, and saw 14 of its levels.

You collected 765 gold pieces.
You spent 96 gold pieces at shops.


Innate Abilities, Weirdness & Mutations

Your life essence is reduced to manifest your ancestor. (-10% HP)
You have razor-sharp teeth.
Your natural rate of healing is unusually fast.
When hurt, damage is shared between your health and your magic reserves.
Your bite disrupts and absorbs the magic of your enemies.
Potions cannot restore your health.


   Skills:
 + Level 10.6 Fighting
 - Level 3.5 Short Blades
 * Level 15.2 Axes
 - Level 1.7 Throwing
 - Level 2.4 Dodging
 - Level 5.0 Stealth
 - Level 2.0 Spellcasting


You had 15 spell levels left.
You didn't know any spells.
Your spell library contained the following spells:

 Spells                   Type           Power      Damage    Failure   Level
 Necrotise                Necr           4%         1d4       41%         1
 Blink                    Tloc           2%         N/A       54%         2
 Static Discharge         Conj/Air       2%         2-3/arc   54%         2
 Frozen Ramparts          Ice            2%         1d1       78%         3
 Vampiric Draining        Necr           1%         2d6       78%         3
 Animate Armour           Summ/Erth      2%         N/A       99%         4
 Cause Fear               Hex            0%         N/A       99%         4
 Ice Form                 Ice/Tmut       1%         N/A       99%         4
 Manifold Assault         Tloc           1%         N/A       99%         4
 Summon Ice Beast         Ice/Summ       1%         N/A       99%         4
 Agony                    Necr           1%         N/A       100%        5
 Arcjolt                  Conj/Air       0%         1d10      100%        5
 Blade Hands              Tmut           0%         N/A       100%        5
 Lightning Bolt           Conj/Air       0%         1d11      100%        5
 Iron Shot                Conj/Erth      0%         9d1       100%        6
 Dragon Form              Tmut           0%         N/A       100%        7
 Storm Form               Tmut/Air       0%         N/A       100%        7
 Maxwell's Capacitive Co  Air            0%         ∞         100%        8
 Dragon's Call            Summ           0%         N/A       100%        9

Inventory:

Hand Weapons
 a - the +5 war axe of Petunkes (weapon) {venom, rC+ Int-2 Dex+4 Stlth+, axe}
   (You found it on level 2 of the Dungeon)

   It poisons the flesh of those it strikes.
   Int:       It affects your intelligence (-2).
   Dex:       It affects your dexterity (+4).
   rC:        It protects you from cold.
   Stlth:     It makes you more stealthy.
 b - a +2 sling of flaming
   (You found it on level 2 of the Dungeon)
 t - a +0 rapier {short}
 w - the +7 short sword of Ragnarok {venom, *Slow Dex+6, short}
   (You found it on level 9 of the Dungeon)

   It poisons the flesh of those it strikes.
   Dex:       It affects your dexterity (+6).
   *Slow:     It may slow you when you take damage.
 x - a +2 broad axe {axe}
   (You bought it in a shop on level 2 of the Dungeon)
 H - the +7 mace "Death Rattle" {freeze, Fly rN++ Str-4 Dex-4, mace}
   (You found it on level 4 of the Dungeon)

   It freezes those it strikes, dealing additional cold damage.
   It can also slow down cold-blooded creatures.
   Str:       It affects your strength (-4).
   Dex:       It affects your dexterity (-4).
   rN:        It greatly protects you from negative energy.
   Fly:       It grants you flight.
 K - the +6 hand axe of the Inferno {vorpal, rPois Str-4 Dex+6, axe}
   (You found it on level 11 of the Dungeon)

   It inflicts extra damage upon your enemies.
   Str:       It affects your strength (-4).
   Dex:       It affects your dexterity (+6).
   rPois:     It protects you from poison.
 R - the +8 dagger of Gallantry {speed, rF+, short}
   (You found it on level 5 of the Dungeon)

   Attacks with this weapon are significantly faster.
   rF:        It protects you from fire.
Missiles
 d - 6 throwing nets {=f!fthrowing}
 e - 13 javelins {throwing}
 h - 132 stones {throwing}
 m - 44 poisoned darts {throwing}
 q - 3 boomerangs {throwing}
 Y - 2 curare-tipped darts {=fthrowing}
Armour
 c - a +0 helmet (worn)
 k - a +1 pair of gloves (worn)
   (You found it on level 8 of the Dungeon)
 s - a +0 cloak (worn)
   (You found it on level 2 of the Dungeon)
 D - the +4 ring mail of Lefamnom (worn) {rPois Str+4}
   (You found it on level 3 of the Dungeon)

   Str:       It affects your strength (+4).
   rPois:     It protects you from poison.
 F - a +0 chain mail
   (You took it off an orc warrior on level 10 of the Dungeon)
 I - a +0 chain mail
   (You took it off a deep elf pyromancer on level 11 of the Dungeon)
 S - a +0 crystal plate armour {rare=g}
   (You found it on level 7 of the Dungeon)
Jewellery
 j - an amulet of magic regeneration (around neck) {@e2}
   (You found it on level 1 of the Dungeon)
 y - a +6 ring of intelligence (left hand)
   (You found it on level 9 of the Dungeon)
Wands
 N - a wand of polymorph (4)
   (You found it on level 1 of the Lair of Beasts)
 O - a wand of acid (11)
   (You found it on level 4 of the Dungeon)
Scrolls
 g - 2 scrolls of poison
 n - a scroll of blinking {!r}
 u - a scroll of amnesia
 v - a scroll of silence {!r}
 A - a scroll of magic mapping {!r}
 E - a scroll of enchant armour
 V - a scroll of butterflies
 W - 4 scrolls of teleportation {@r4}
Potions
 f - 11 potions of curing {@q1}
 i - 2 potions of invisibility
 l - 4 potions of lignification {!q}
 o - 5 potions of heal wounds {@q2}
 p - a potion of resistance
 z - a potion of brilliance
 B - a potion of mutation {!q}
 J - a potion of flight
 M - a potion of ambrosia {unknown}
 P - 4 potions of haste {@q3}
 Q - a potion of might {unknown}
 U - 2 potions of attraction {!q}
 X - a potion of berserk rage {!q}
Miscellaneous
 r - a condenser vane
   (You found it on level 10 of the Dungeon)
 C - a box of beasts
   (You found it on level 10 of the Dungeon)
 G - a phial of floods
   (You found it on level 11 of the Dungeon)
 L - a piece from Xom's chessboard (15/15)
   (You found it on level 1 of the Lair of Beasts)

Dungeon Overview and Level Annotations

Branches:
Dungeon (12/15) Zot: 26822  Temple (1/1) D:4 Zot: 5900    Lair (1/5) D:11 Zot: 5081
    Orc: D:9-12

Altars:
Ashenzari
Cheibriados
Dithmenos
Elyvilon
Fedhas
Gozag
Hepliaklqana
Kikubaaqudgha
Makhleb
Nemelex Xobeh
Okawaru
Qazlal
Ru
Sif Muna
Trog
Uskayaw
Vehumet
Wu Jian
Xom
Yredelemnul
Zin
The Shining One

Shops:
D:2 (   D:4 (

Portals:
Trove: D:10 (give +7 demon blade)

~~~~≈≈~†≈≈≈≈~......
.PP.≈≈~†~≈≈≈~≈..... #
P.~~.~..~~≈≈≈~≈P...
#.#########~..~≈≈≈≈~...#
#P..~.~#.~#....~≈≈≈≈~..#
#~~..~~#.~.~~~P.≈≈≈≈≈...
#~~P~.~#.###†#..~≈≈≈≈~.#
#P~PP.~#~~#.~#~..~≈≈≈~P#
#~..~.D@R.'~~#~.P.≈≈≈≈P#
##################≈≈≈~##
#####


You could see the friendly Si-Tayit the battlemage and a nine-headed hydra (ally
target).


Message History

You see here a black mamba corpse.
You barely miss the cane toad. You bite the cane toad. You drain its power.
The cane toad misses you.
You barely miss the cane toad.
You bite the cane toad, but do no damage.
The cane toad stings you!
Si-Tayit casts a spell at the cane toad.
The stone arrow hits the cane toad!
You hit the cane toad but do no damage. The cane toad stings you!
You are too injured to fight recklessly!
You are too injured to fight recklessly!
You are too injured to fight recklessly!
You are too injured to fight recklessly!
Unknown command.
Unknown command.
You slice the cane toad!!
You bite the cane toad, but do no damage.
The cane toad stings you!
You slash the cane toad!
You kill the cane toad!
Unknown command.
You see here a cane toad corpse.
You start resting.
Unknown command.
Unknown command.
Unknown command.
You enter the shallow water.
Moving in this stuff is going to be slow.
You open the door.
A water moccasin comes into view.
The water moccasin hisses angrily.
The water moccasin bites you!
Danger!
You closely miss the water moccasin.
You bite the water moccasin, but do no damage.
The water moccasin closely misses you.
You hit the water moccasin.
Si-Tayit hits the water moccasin with a +0 quarterstaff!!
The water moccasin dies!
No target in view!
No target in view!
There is an open door, spattered with blood here.
You see here a water moccasin corpse.
You enter the shallow water.
Moving in this stuff is going to be slow.
You open the door.
There is an open door here.
You open the door.
A seven-headed hydra comes into view.
Danger!
Unknown command.
Okay, then.
Unknown command.
The seven-headed hydra roars!
Si-Tayit points at the seven-headed hydra and mumbles some strange words.
The puff of frost hits the seven-headed hydra!
There is an open door here.
Unknown command.
You lop one of the seven-headed hydra's heads off!
The six-headed hydra grows two more!
You hit the eight-headed hydra.
The eight-headed hydra barely misses you.
The eight-headed hydra bites you!
The eight-headed hydra closely misses you.
The eight-headed hydra bites you but does no damage.
The eight-headed hydra bites you.
The eight-headed hydra bites you but does no damage.
The eight-headed hydra bites you!
The eight-headed hydra closely misses you.
Unknown command.
You lop one of the eight-headed hydra's heads off!
The seven-headed hydra grows two more!
You slash the nine-headed hydra!
The nine-headed hydra barely misses you.
The nine-headed hydra bites you but does no damage.
The nine-headed hydra bites you!
* * * LOW HITPOINT WARNING * * *
The nine-headed hydra barely misses you. x3
The nine-headed hydra closely misses you.
The nine-headed hydra barely misses you.
The nine-headed hydra bites you but does no damage.
Si-Tayit gestures at the nine-headed hydra while chanting.
The stone arrow hits the nine-headed hydra!
Unknown command.
Really quaff
X - 2 potions of berserk rage {!q}?
A red film seems to cover your vision as you go berserk!
You feel yourself moving faster!
You feel mighty!
The nine-headed hydra completely misses you.
The nine-headed hydra bites you.
* * * LOW HITPOINT WARNING * * *
The nine-headed hydra bites you.
* * * LOW HITPOINT WARNING * * *
The nine-headed hydra misses you. The nine-headed hydra bites you!
* * * LOW HITPOINT WARNING * * *
The nine-headed hydra bites you!
* * * LOW HITPOINT WARNING * * *
The nine-headed hydra bites you.
* * * LOW HITPOINT WARNING * * *
The nine-headed hydra bites you!
* * * LOW HITPOINT WARNING * * *
The nine-headed hydra bites you!
You die...

Skill      XL: |  1  2  3  4  5  6  7  8  9 10 11 12 |
---------------+-------------------------------------+-----
Stealth        | 1 2 4 5 |  5.0
Short Blades   | 3 |  3.5
Axes           | 2 3 5 6 7 9 11 13 15 | 15.2
Fighting       | 2 4 6 8 9 10 | 10.6
Spellcasting   | 2 |  2.0
Throwing       | |  1.7
Dodging        | |  2.4

Action                   |  1- 3 |  4- 6 |  7- 9 | 10-12 || total
-------------------------+-------+-------+-------+-------++-------
Melee: Rapier            |    91 |       |       |       ||    91
       Bite              |    19 |    12 |    56 |   111 ||   198
       War axe           |     7 |    57 |   166 |   286 ||   516
       Punch             |       |       |     5 |     4 ||     9
       Dagger            |       |       |    11 |       ||    11
 Fire: Sling             |       |    32 |    41 |     9 ||    82
Invok: Ancestor Life: Ba |       |       |       |     1 ||     1
  Use: Scroll            |       |       |    15 |    11 ||    26
       Potion            |       |       |       |     1 ||     1
 Stab: Sleeping          |    10 |     4 |     6 |     5 ||    25
       Distracted        |       |       |     1 |     5 ||     6
Armor: Leather armour    |    43 |     5 |       |       ||    48
       Ring mail         |       |    20 |    79 |    98 ||   197
Dodge: Dodged            |    60 |    36 |   133 |   170 ||   399

Levels and vault maps discovered:
D:1:      psy_arrival_terrarium, layout_basic, hangedman_decor_push,
          minmay_misc_feat_alley, minmay_small_reverse_x
D:2:      layout_rooms, serial_shops, nicolae_shop_waterfront, st_stairs_1
D:3:      layout_loops_cross
D:4:      layout_rooms, minmay_temple_entry_waves, serial_shops, shop
D:5:      layout_basic, nicolae_overflow_hallway_of_the_gods, uniq_edmund
D:6:      layout_loops_ring, led_sif_book, uniq_maggie
D:7:      cheibrodos_helix_gallery, layout_loops_ring
D:8:      layout_loops_cross, worms_lemuel, uniq_grum
D:9:      cheibrodos_steamvent, layout_gridville, kennysheep_okawaru_gauntlet,
          grunt_gozag_statues, uniq_prince_ribbit1, uniq_erica
D:10:     layout_roguey, nicolae_trove_entry_diagonal
D:11:     layout_basic, lair_entry_dummy, minmay_diced_spiral
D:12:     layout_basic, orc_0_dummy
Temple:   compressed_dpeg_circular_temple
Lair:1:   cheibrodos_lair_river_kwai, layout_regular_city,
          nicolae_volcano_entry_lava_flow, lemuel_fruit_tree

Notes
Turn   | Place    | Note
-------+----------+-------------------------------------------
     0 | D:1      | Sobieck the Vine Stalker Gladiator began the quest for the
                  | Orb.
     0 | D:1      | Reached XP level 1. HP: 11/11 MP: 2/2
    69 | D:1      | Reached skill level 1 in Stealth
   105 | D:1      | Reached XP level 2. HP: 15/15 MP: 3/3
   107 | D:1      | Reached skill level 3 in Short Blades
   121 | D:1      | Reached skill level 2 in Stealth
   131 | D:1      | You pick up a book of Rime and begin reading...
   131 | D:1      | You add the spells Frozen Ramparts, Ice Form and Summon Ice
                  | Beast to your library.
   828 | D:1      | Reached XP level 3. HP: 13/18 MP: 4/4
   834 | D:1      | Reached skill level 3 in Stealth
  1466 | D:2      | Found Nyugha Gacs's Antique Weapon Shoppe.
  1489 | D:2      | Identified the +5 war axe of Petunkes {venom, rC+ Int-2
                  | Dex+4 Stlth+}
  1585 | D:2      | Reached skill level 4 in Stealth
  1612 | D:2      | Gained mutation: Your natural rate of healing is unusually
                  | fast. [Vine Stalker growth]
  1612 | D:2      | Reached XP level 4. HP: 23/23 MP: 5/5
  1733 | D:2      | Bought a broad axe for 96 gold pieces
  1913 | D:3      | You pick up a book of Iron and begin reading...
  1913 | D:3      | You add the spells Animate Armour, Blade Hands and Iron
                  | Shot to your library.
  2029 | D:3      | Noticed a scorpion
  2039 | D:3      | Killed a scorpion
  2040 | D:3      | Reached skill level 2 in Axes
  2040 | D:3      | Reached skill level 5 in Stealth
  2040 | D:3      | Reached XP level 5. HP: 8/26 MP: 3/6
  2041 | D:3      | HP: 6/26 [poisoned by a scorpion]
  2046 | D:3      | HP: 4/26 [poisoned by a scorpion]
  2205 | D:3      | HP: 4/26 [orc priest/divine providence (9)]
  2234 | D:3      | Reached skill level 3 in Axes
  2292 | D:3      | Identified the +4 ring mail of Lefamnom {rPois Str+4}
  2551 | D:3      | Reached XP level 6. HP: 26/30 MP: 5/7
  2576 | D:4      | Identified the +7 mace "Death Rattle" {freeze, Fly rN++
                  | Str-4 Dex-4}
  2603 | D:4      | Found a staircase to the Ecumenical Temple.
  2612 | Temple   | Entered the Ecumenical Temple
  2702 | Temple   | Became a worshipper of Hepliaklqana the Forgotten
  2725 | D:4      | Reached skill level 4 in Axes
  2809 | D:4      | Noticed a black bear
  2815 | D:4      | Killed a black bear
  2816 | D:4      | Reached skill level 5 in Axes
  2816 | D:4      | Reached XP level 7. HP: 33/34 MP: 8/8
  3002 | D:4      | Found Egitz's Antique Weapon Boutique.
  3181 | D:5      | Entered Level 5 of the Dungeon
  3188 | D:5      | Reached skill level 6 in Axes
  3200 | D:4      | Reached skill level 2 in Fighting
  3217 | D:5      | Reached skill level 1 in Spellcasting
  3316 | D:5      | Reached skill level 2 in Spellcasting
  3316 | D:5      | Gained mutation: You have razor-sharp teeth. [Vine Stalker
                  | growth]
  3316 | D:5      | Reached XP level 8. HP: 39/39 MP: 10/12
  3323 | D:5      | Reached skill level 3 in Fighting
  3557 | D:5      | Identified the +8 dagger of Gallantry {speed, rF+}
  3613 | D:5      | Noticed Edmund
  3627 | D:5      | Killed Edmund
  3705 | D:5      | Found a bloodstained altar of Trog.
  3708 | D:5      | Found a stormy altar of Qazlal.
  3712 | D:5      | Found a hide-covered altar of Uskayaw.
  3712 | D:5      | Found a shadowy altar of Dithmenos.
  3718 | D:5      | Found a sacrificial altar of Ru.
  3745 | D:5      | Reached skill level 4 in Fighting
  3745 | D:5      | Reached skill level 7 in Axes
  4063 | D:6      | Reached XP level 9. HP: 21/46 MP: 8/13
  4295 | D:6      | Reached skill level 8 in Axes
  4323 | D:6      | Reached skill level 5 in Fighting
  4347 | D:6      | Reached * piety under Hepliaklqana
  4364 | D:6      | Found a shimmering blue altar of Sif Muna.
  4775 | D:6      | Noticed Maggie
  4788 | D:6      | Killed Maggie
  5148 | D:7      | Reached skill level 9 in Axes
  5231 | D:7      | Identified a +0 crystal plate armour
  5232 | D:7      | S - a +0 crystal plate armour {rare=g}
  5317 | D:6      | You finish putting on your +0 crystal plate armour
                  | {rare=g}.
  5322 | D:6      | You finish taking off your +0 crystal plate armour
                  | {rare=g}.
  5341 | D:7      | You pick up a book of Lightning and begin reading...
  5341 | D:7      | You add the spells Static Discharge, Lightning Bolt,
                  | Arcjolt and Maxwell's Capacitive Coupling to your library.
  5403 | D:7      | Reached skill level 6 in Fighting
  5704 | D:7      | HP: 10/43 [orc warrior/+0 mace (5)]
  5711 | D:7      | Reached XP level 10. HP: 17/47 MP: 14/14
  5942 | D:7      | Reached ** piety under Hepliaklqana
  5943 | D:7      | Remembered your ancestor Si-Tayit as a battlemage
  6024 | D:8      | Reached skill level 10 in Axes
  6530 | D:8      | Reached skill level 7 in Fighting
  6542 | D:8      | Reached skill level 11 in Axes
  6559 | D:8      | Noticed Grum
  6566 | D:8      | Killed Grum
  6750 | D:9      | Noticed a cyclops
  6757 | D:9      | Killed a cyclops
  6888 | D:9      | Reached skill level 8 in Fighting
  6888 | D:9      | Reached XP level 11. HP: 54/54 MP: 15/15
  6929 | D:9      | Found an opulent altar of Gozag.
  6995 | D:9      | Reached skill level 12 in Axes
  7144 | D:9      | Noticed Erica
  7154 | D:9      | Killed Erica
  7160 | D:9      | Identified the +7 short sword of Ragnarok {venom, *Slow
                  | Dex+6}
  7303 | D:9      | Found an iron altar of Okawaru.
  7415 | D:9      | Reached *** piety under Hepliaklqana
  7462 | D:9      | Noticed Prince Ribbit
  7468 | D:9      | Killed Prince Ribbit
  7553 | D:10     | Entered Level 10 of the Dungeon
  7937 | D:10     | Found a portal to a secret trove of treasure.
  8049 | D:10     | Reached skill level 13 in Axes
  8203 | D:11     | Noticed a deep elf pyromancer
  8279 | D:11     | Reached skill level 9 in Fighting
  8363 | D:11     | Noticed a cyclops
  8371 | D:11     | Killed a cyclops
  8537 | D:11     | Noticed a red ugly thing
  8544 | D:11     | Killed a red ugly thing
  8548 | D:11     | Killed a deep elf pyromancer
  8807 | D:11     | Identified the +6 hand axe of the Inferno {vorpal, rPois
                  | Str-4 Dex+6}
  8830 | D:11     | Reached XP level 12. HP: 57/60 MP: 16/16
  8940 | D:11     | Found a staircase to the Lair.
  8992 | D:12     | Reached **** piety under Hepliaklqana
  9006 | D:12     | Reached skill level 14 in Axes
  9012 | D:12     | You add the spells Blink, Manifold Assault and Storm Form
                  | to your library.
  9162 | Lair:1   | Entered Level 1 of the Lair of Beasts
  9233 | Lair:1   | You pick up a book of Necromancy and begin reading...
  9233 | Lair:1   | You add the spells Necrotise, Vampiric Draining and Agony
                  | to your library.
  9324 | Lair:1   | Reached skill level 10 in Fighting
  9642 | Lair:1   | Noticed a boulder beetle
  9657 | Lair:1   | Killed a boulder beetle
  9787 | Lair:1   | You pick up a book of the Dragon and begin reading...
  9787 | Lair:1   | You add the spells Cause Fear, Dragon Form and Dragon's
                  | Call to your library.
  9807 | Lair:1   | Reached skill level 15 in Axes
 10099 | Lair:1   | Noticed a seven-headed hydra
 10103 | Lair:1   | HP: 17/93 [nine-headed hydra (8)]
 10103 | Lair:1   | Slain by a nine-headed hydra

Vanquished Creatures
  A boulder beetle (Lair:1)
  Erica (D:9)
  A deep elf pyromancer (D:11)
  A cyclops (D:11)
  5 black mambas (Lair:1)
  4 cane toads (Lair:1)
  2 unseen horrors (D:10)
  2 komodo dragons
  Maggie (D:6)
  A hornet (D:9)
  Prince Ribbit (D:9)
  2 shadows (D:11)
  21 yaks
  2 wyverns
  3 basilisks (Lair:1)
  4 steam dragons
  Edmund (D:5)
  A swamp worm (D:8)
  An acid dragon (D:11)
  2 water moccasins
  2 orc warriors
  A black bear (D:4)
  4 ogres
  11 wolves
  4 centaurs
  A phantom (D:4)
  4 kobold brigands
  3 bullfrogs
  A necrophage (D:7)
  A gnoll sergeant (D:6)
  3 scorpions
  2 wights (D:8)
  13 killer bees
  An electric eel (D:7)
  A jelly (D:7)
  8 hounds
  9 orc priests
  A gnoll bouda (D:5)
  7 iguanas
  9 orc wizards
  9 gnolls
  8 adders
  A white imp (D:6)
  2 worms (D:3)
  2 dart slugs
  35 orcs
  8 bats
  4 endoplasms
  6 giant cockroaches
  8 goblins
  7 hobgoblins
  2 jackals (D:1)
  A quokka (D:3)
  4 ball pythons
  A frilled lizard (D:1)
  21 kobolds
  5 rats
267 creatures vanquished.

Vanquished Creatures (collateral kills)
  A cyclops (D:9)
  2 ugly things
  2 cane toads (Lair:1)
  A komodo dragon (Lair:1)
  7 yaks
  2 wraiths (D:10)
  2 steam dragons
  Grum (D:8)
  A swamp worm (D:8)
  A water moccasin (Lair:1)
  A phantom (D:7)
  A bullfrog (Lair:1)
  2 wights (D:8)
  4 killer bees
  A jelly (D:7)
  An orc priest (D:10)
  2 orc wizards
  4 orcs
  2 kobolds
38 creatures vanquished.

Vanquished Creatures (others)
  An orc wizard (D:6)
  2 battlemagi
  An ancestor (D:7)
  5 fungi (Lair:1)
  12 plants
21 creatures vanquished.

Grand Total: 326 creatures vanquished

Table legend:
 A = Non-vault XP
 B = Vault XP
 C = Vault XP percentage of total XP
 D = Non-vault monster count
 E = Vault monster count
 F = Vault count percentage of total count
                 A         B        C        D         E       F
            +---------+---------+-------+---------+---------+-------
      Total |   21786 |    7490 |  25.6 |     270 |      36 |  11.8
            +---------+---------+-------+---------+---------+-------
        D:1 |      33 |       9 |  21.4 |      21 |       4 |  16.0
        D:2 |      42 |       4 |   8.7 |      17 |       2 |  10.5
        D:3 |     275 |       0 |   0.0 |      21 |       0 |   0.0
        D:4 |     572 |       0 |   0.0 |      17 |       0 |   0.0
        D:5 |     886 |     171 |  16.2 |      23 |       1 |   4.2
        D:6 |    1119 |     410 |  26.8 |      32 |       3 |   8.6
        D:7 |    1088 |     128 |  10.5 |      24 |       2 |   7.7
        D:8 |    2260 |     858 |  27.5 |      30 |       6 |  16.7
        D:9 |    3184 |    1448 |  31.3 |      17 |       6 |  26.1
       D:10 |    1878 |       0 |   0.0 |      19 |       0 |   0.0
       D:11 |    2652 |    2216 |  45.5 |      20 |       6 |  23.1
       D:12 |     595 |       0 |   0.0 |       1 |       0 |   0.0
     Lair:1 |    7202 |    2246 |  23.8 |      28 |       6 |  17.6
            +---------+---------+-------+---------+---------+-------

Illustrated notes

Table legend:
 A = Kills in this place as a percentage of kills in entire the game.
 B = Kills by you in this place as a percentage of kills by you in the entire game.
 C = Kills by friends in this place as a percentage of kills by friends in the entire game.
 D = Other kills in this place as a percentage of other kills in the entire game.
 E = Experience gained in this place as a percentage of experience gained in the entire game.
 F = Experience gained in this place divided by the number of levels of this place that you have seen.
                   A       B       C       D       E      F
               +-------+-------+-------+-------+-------+----------------------
         Total | 100.0 | 100.0 | 100.0 | 100.0 | 100.0 | 2091.1
       Dungeon |  88.9 |  89.1 |  86.8 | 100.0 |  67.7 | 1652.3
          Lair |  11.1 |  10.9 |  13.2 |   0.0 |  32.3 | 9448.0
               +-------+-------+-------+-------+-------+----------------------

Table legend: (Time is in decaauts)
 A = Elapsed time spent in this place.
 B = Non-inter-level travel time spent in this place.
 C = Inter-level travel time spent in this place.
 D = Time resting spent in this place.
 E = Time spent auto-exploring this place.
 F = Levels seen in this place.
 G = Mean time per level.
                   A        B        C        D        E       F      G
               +--------+--------+--------+--------+--------+-----+--------+
         Total |  10146 |   9667 |    479 |   1186 |   6407 |  14 |  724.7 |
       Dungeon |   9128 |   8658 |    470 |   1135 |   5694 |  12 |  760.7 |
        Temple |     99 |     90 |      9 |      0 |     41 |   1 |   99.0 |
          Lair |    917 |    917 |      0 |     51 |    671 |   1 |  917.0 |
               +--------+--------+--------+--------+--------+-----+--------+

Top non-repeatable levels by time:
     D:1: 1233 daAuts
     D:6: 1018 daAuts
     D:5: 934 daAuts
  Lair:1: 917 daAuts
    D:11: 868 daAuts
     D:7: 835 daAuts
     D:9: 824 daAuts
     D:3: 812 daAuts
     D:8: 753 daAuts
    D:10: 693 daAuts
     D:4: 580 daAuts
     D:2: 536 daAuts
  Temple: 99 daAuts
    D:12: 36 daAuts
